[Event "26th Hit Open-A 2022"]
[Site "Nova Gorica"]
[Date "2022.09.15"]
[Round "1.1"]
[White "Lodici, Lorenzo"]
[Black "Van Dael, Siem"]
[Result "0-1"]
[ECO "E71"]
[WhiteElo "2559"]
[BlackElo "2316"]
[Annotator "ChessBase"]
[PlyCount "68"]
[EventDate "2022.09.16"]
[EventType "swiss"]
[EventCountry "SLO"]
[SourceTitle "playchess.com"]
[Source "ChessBase"]
[SourceQuality "1"]
[TimeControl "5400+30"]

1. d4 Nf6 2. c4 g6 3. Nc3 Bg7 4. e4 d6 5. h3 e5 6. Nge2 Nc6 7. Be3 exd4 8. Nxd4 O-O 9. Qc2 Re8 10. O-O-O Nb4 11. Qb3 Nxe4 12. Nxe4 Rxe4 13. Qxb4 c5 14. Qa3 Bxd4 15. Bxd4 cxd4 16. Bd3 Re5 17. Kb1 Be6 18. Rc1 Ra5 19. Qb4 b5 20. Rhd1 Rb8 21. Qd2 Ra4 22. Bc2 Rxa2 23. Kxa2 bxc4 24. Qxd4 Qa5+ 25. Kb1 c3 26. b3 Bxb3 27. Bxb3 Rxb3+ 28. Kc2 Qa2+ 29. Kd3 c2+ 30. Ke2 cxd1=Q+ 31. Kxd1 Qa6 32. Ke1 Rb5 33. f3 Rb8 34. Ra1 Qb6 0-1

[Event "26th Hit Open-A 2022"]
[Site "Nova Gorica"]
[Date "2022.09.15"]
[Round "1.2"]
[White "Goroshkov, Maksym"]
[Black "Sonis, Francesco"]
[Result "1/2-1/2"]
[ECO "B22"]
[WhiteElo "2315"]
[BlackElo "2542"]
[Annotator "ChessBase"]
[PlyCount "119"]
[EventDate "2022.09.16"]
[EventType "swiss"]
[EventCountry "SLO"]
[SourceTitle "playchess.com"]
[Source "ChessBase"]
[SourceQuality "1"]
[TimeControl "5400+30"]

1. e4 c5 2. c3 Nf6 3. e5 Nd5 4. Bc4 Nb6 5. Bb3 d5 6. exd6 Qxd6 7. d4 cxd4 8. cxd4 Be6 9. Ne2 Bxb3 10. Qxb3 Nc6 11. Nbc3 e6 12. O-O Be7 13. Rd1 Rd8 14. Nb5 Qb4 15. Qxb4 Bxb4 16. a3 Be7 17. Nc7+ Kd7 18. Nb5 Kc8 19. Bf4 a6 20. Nbc3 Rd7 21. Rac1 Rhd8 22. Bg3 Bd6 23. Bh4 f6 24. f3 Bc7 25. Bf2 Nd5 26. Na4 Re7 27. Nc5 Nb8 28. Bg3 b6 29. Bxc7 Nxc7 30. Ne4 Kb7 31. Rc4 Nd5 32. Rdc1 Rc7 33. Rxc7+ Nxc7 34. a4 Nc6 35. Rc4 b5 36. Nc5+ Kb6 37. Rc1 Nxd4 38. a5+ Ka7 39. Nxd4 Rxd4 40. Nb3 Rd7 41. Rc6 Kb7 42. Rb6+ Kc8 43. Nc5 Rd1+ 44. Kf2 Rd2+ 45. Kg3 Rxb2 46. Nxe6 Nd5 47. Rxa6 g5 48. Rd6 Ne3 49. Rd3 Nf5+ 50. Kg4 Nh6+ 51. Kh3 Nf7 52. Rc3+ Kb8 53. Rc6 Ne5 54. Rb6+ Kc8 55. Nd4 Nd3 56. Nxb5 Ra2 57. Rc6+ Kb8 58. Rb6+ Kc8 59. Rc6+ Kb8 60. Rb6+ 1/2-1/2

[Event "26th Hit Open-A 2022"]
[Site "Nova Gorica"]
[Date "2022.09.15"]
[Round "1.3"]
[White "Thybo, Jesper Sondergaard"]
[Black "Sharan, Rao"]
[Result "1-0"]
[ECO "B10"]
[WhiteElo "2516"]
[BlackElo "2312"]
[Annotator "ChessBase"]
[PlyCount "93"]
[EventDate "2022.09.16"]
[EventType "swiss"]
[EventCountry "SLO"]
[SourceTitle "playchess.com"]
[Source "ChessBase"]
[SourceQuality "1"]
[TimeControl "5400+30"]

1. e4 c6 2. Nf3 d5 3. d3 Bg4 4. Nbd2 e6 5. h3 Bxf3 6. Nxf3 dxe4 7. dxe4 Qxd1+ 8. Kxd1 Nf6 9. Bd3 Nbd7 10. e5 Nd5 11. c4 N5b6 12. b3 f6 13. Bb2 Be7 14. Kc2 Kf7 15. Rae1 a5 16. exf6 gxf6 17. Nd4 e5 18. Nf5 Bc5 19. f4 exf4 20. Rhf1 Rae8 21. Rxe8 Rxe8 22. Rxf4 Ne5 23. Be4 Ng6 24. Rg4 Nd7 25. Nh6+ Kg7 26. Nf5+ Kf7 27. h4 Bf8 28. h5 Nge5 29. Rf4 Nc5 30. Ng3 Bh6 31. Rf5 Ke6 32. Rf2 Nxe4 33. Nxe4 Ng4 34. Re2 Ne3+ 35. Kd3 Rd8+ 36. Bd4 b5 37. cxb5 cxb5 38. Nxf6 Kf7 39. Rxe3 Bxe3 40. Kxe3 Kg7 41. g4 Kh6 42. Ne4 a4 43. Bf6 Re8 44. Kf4 Re6 45. Kf5 Rc6 46. Ng3 Rc5+ 47. Kf4 1-0

[Event "26th Hit Open-A 2022"]
[Site "Nova Gorica"]
[Date "2022.09.15"]
[Round "1.4"]
[White "Marn, Jan"]
[Black "Seo, Jung Min"]
[Result "0-1"]
[ECO "B07"]
[WhiteElo "2307"]
[BlackElo "2516"]
[Annotator "ChessBase"]
[PlyCount "116"]
[EventDate "2022.09.16"]
[EventType "swiss"]
[EventCountry "SLO"]
[SourceTitle "playchess.com"]
[Source "ChessBase"]
[SourceQuality "1"]
[TimeControl "5400+30"]

1. d4 d6 2. e4 Nf6 3. Nc3 g6 4. g3 Bg7 5. Bg2 O-O 6. Nge2 e5 7. O-O Nc6 8. Re1 Re8 9. d5 Ne7 10. h3 c6 11. Be3 cxd5 12. exd5 Nf5 13. Bg5 h6 14. Bxf6 Bxf6 15. Ne4 Bg7 16. c4 a5 17. c5 dxc5 18. Nxc5 Nd6 19. Nc3 Kh8 20. Qa4 b6 21. N5e4 Nxe4 22. Nxe4 Bd7 23. Qb3 Rf8 24. Nd6 a4 25. Qb4 f5 26. Nc4 e4 27. Qxb6 a3 28. Rab1 axb2 29. Qxd8 Rfxd8 30. Nxb2 Rxa2 31. Nc4 Bd4 32. Ne3 Ba4 33. Bf1 Rd2 34. Rb4 Be8 35. Re2 Bxe3 36. Rxe3 R2xd5 37. Ra3 Kg7 38. Ra7+ R8d7 39. Rxd7+ Rxd7 40. h4 Re7 41. Bc4 g5 42. hxg5 hxg5 43. Bd5 Re5 44. Bb7 Bh5 45. Rb1 Bf3 46. Ba6 f4 47. Rb5 Re8 48. Rb7+ Kh6 49. Rb2 Ra8 50. Rb6+ Kg7 51. Kf1 Rh8 52. Ke1 Rh1+ 53. Kd2 e3+ 54. fxe3 fxg3 55. Bb7 g2 56. Bxf3 g1=Q 57. Bxh1 Qxh1 58. Rb4 Kg6 0-1

[Event "26th Hit Open-A 2022"]
[Site "Nova Gorica"]
[Date "2022.09.15"]
[Round "1.5"]
[White "Beliavsky, Alexander G"]
[Black "Mostbauer, Florian"]
[Result "1/2-1/2"]
[ECO "D78"]
[WhiteElo "2505"]
[BlackElo "2295"]
[Annotator "ChessBase"]
[PlyCount "220"]
[EventDate "2022.09.16"]
[EventType "swiss"]
[EventCountry "SLO"]
[SourceTitle "playchess.com"]
[Source "ChessBase"]
[SourceQuality "1"]
[TimeControl "5400+30"]

1. d4 d5 2. c4 c6 3. Nf3 Nf6 4. g3 g6 5. Bg2 Bg7 6. O-O O-O 7. Qb3 dxc4 8. Qxc4 Na6 9. Nc3 Bf5 10. Ne5 Rc8 11. e4 Be6 12. Qa4 Nd7 13. Nxd7 Qxd7 14. Be3 c5 15. Qxd7 Bxd7 16. Rfd1 cxd4 17. Bxd4 Bg4 18. f3 Bxd4+ 19. Rxd4 Be6 20. Rad1 Nb8 21. Rb4 b6 22. Ra4 a6 23. Nd5 Bxd5 24. exd5 Rfd8 25. f4 Rc2 26. Rb4 Rd6 27. Re1 Kf8 28. Rbe4 Rxd5 29. Rxe7 Rdd2 30. Re8+ Kg7 31. Be4 Rxb2 32. Rxb8 Rxa2 33. Rxb6 a5 34. Rbb1 Rxh2 35. Ra1 h5 36. Bd5 Rxa1 37. Rxa1 Rd2 38. Rxa5 h4 39. Ba2 f5 40. Ra7+ Kh6 41. Bf7 hxg3 42. Ra6 Rd4 43. Rxg6+ Kh7 44. Rxg3 Rxf4 45. Bh5 Kh6 46. Be2 Re4 47. Kf2 Re6 48. Bd3 Rg6 49. Rf3 Rf6 50. Ke3 f4+ 51. Kf2 Kg5 52. Be2 Rf5 53. Rh3 Re5 54. Rh8 Re7 55. Rh5+ Kf6 56. Bd3 Re5 57. Rh6+ Ke7 58. Rh4 Re3 59. Bf5 Rg3 60. Rxf4 Rc3 61. Bg4 Ra3 62. Bf3 Rc3 63. Kg3 Kd6 64. Rd4+ Kc5 65. Rd5+ Kc4 66. Rf5 Kd4 67. Kf4 Rc5 68. Rf8 Rc4 69. Be4 Rb4 70. Rd8+ Kc4 71. Ke5 Rb5+ 72. Bd5+ Kc3 73. Rc8+ Kd2 74. Kd4 Rb4+ 75. Bc4 Rb7 76. Rh8 Rd7+ 77. Bd5 Re7 78. Bc6 Re6 79. Be4 Rd6+ 80. Bd5 Rd7 81. Rh2+ Kd1 82. Ke4 Rd8 83. Bb3+ Ke1 84. Bd5 Kd1 85. Ra2 Ke1 86. Rg2 Kd1 87. Rh2 Kc1 88. Bc4 Rd2 89. Rh1+ Kc2 90. Rh3 Rd8 91. Bd5 Kd2 92. Kd4 Kd1 93. Rh2 Rd7 94. Ke4 Rd8 95. Bb3+ Ke1 96. Ke3 Re8+ 97. Kd3 Rd8+ 98. Kc3 Kf1 99. Be6 Kg1 100. Ra2 Rd6 101. Bf5 Rd8 102. Be4 Kf1 103. Bd3+ Kg1 104. Kc4 Rd6 105. Be4 Rd8 106. Bd5 Rf8 107. Kd4 Rf2 108. Ra1+ Rf1 109. Ra8 Rd1+ 110. Ke4 Kf2 1/2-1/2

[Event "26th Hit Open-A 2022"]
[Site "Nova Gorica"]
[Date "2022.09.15"]
[Round "1.6"]
[White "Guid, Matej"]
[Black "Subelj, Jan"]
[Result "1-0"]
[ECO "B24"]
[WhiteElo "2292"]
[BlackElo "2505"]
[Annotator "ChessBase"]
[PlyCount "177"]
[EventDate "2022.09.16"]
[EventType "swiss"]
[EventCountry "SLO"]
[SourceTitle "playchess.com"]
[Source "ChessBase"]
[SourceQuality "1"]
[TimeControl "5400+30"]

1. e4 c5 2. Nc3 e6 3. Nge2 Nc6 4. g3 d5 5. exd5 exd5 6. d4 cxd4 7. Nxd4 Nf6 8. Bg2 Bg4 9. Nde2 Bb4 10. O-O Bxc3 11. bxc3 O-O 12. h3 Bxe2 13. Qxe2 Qa5 14. Qd3 Rac8 15. Re1 Ne4 16. Bf4 f5 17. Rab1 Rf7 18. c4 Nb4 19. Qb3 Rxc4 20. Bf1 Rxc2 21. Qxb4 Qxb4 22. Rxb4 g5 23. Bd3 Rxa2 24. Bxe4 fxe4 25. Be3 a5 26. Rb5 Rd7 27. Rd1 a4 28. Rd4 h6 29. Rdb4 a3 30. Kg2 Rc2 31. Ra5 a2 32. Rba4 Kf7 33. Rxa2 Rxa2 34. Rxa2 d4 35. Rd2 d3 36. Rb2 Ke6 37. Kf1 b5 38. Ke1 Rb7 39. Kd2 b4 40. Bc5 b3 41. Kc3 Rc7 42. Kc4 Kf5 43. Rxb3 Ke5 44. Rb1 h5 45. Re1 Kf5 46. Kd5 Rd7+ 47. Bd6 Ra7 48. Bc5 Rd7+ 49. Kc4 h4 50. gxh4 gxh4 51. Be3 Rc7+ 52. Kb3 Rb7+ 53. Kc4 Ke5 54. Rg1 Rc7+ 55. Kb3 Rb7+ 56. Kc3 Rc7+ 57. Kd2 Rc2+ 58. Kd1 Ra2 59. Rg5+ Kf6 60. Rg4 Ra1+ 61. Kd2 Ra2+ 62. Kc3 Rc2+ 63. Kb3 Kf5 64. Rf4+ Ke5 65. Rxh4 Rc8 66. Rh5+ Ke6 67. h4 Rd8 68. Kc3 Rc8+ 69. Kd2 Rc2+ 70. Kd1 Ra2 71. Rc5 Ra1+ 72. Kd2 Ra2+ 73. Ke1 Ra1+ 74. Rc1 Ra5 75. Kf1 Rd5 76. Kg2 Kf5 77. h5 Kg4 78. h6 Rd7 79. Rh1 Rh7 80. Rh3 Rh8 81. h7 Kf5 82. Rh6 Kg4 83. Kf1 Kf3 84. Ke1 Kg4 85. Kd2 Kf5 86. Bd4 Kg5 87. Bxh8 Kxh6 88. Bc3 Kxh7 89. Ke3 1-0

[Event "26th Hit Open-A 2022"]
[Site "Nova Gorica"]
[Date "2022.09.15"]
[Round "1.7"]
[White "Diermair, Andreas"]
[Black "Lavrencic, Matic"]
[Result "1-0"]
[ECO "A11"]
[WhiteElo "2468"]
[BlackElo "2274"]
[Annotator "ChessBase"]
[PlyCount "69"]
[EventDate "2022.09.16"]
[EventType "swiss"]
[EventCountry "SLO"]
[SourceTitle "playchess.com"]
[Source "ChessBase"]
[SourceQuality "1"]
[TimeControl "5400+30"]

1. Nf3 d5 2. g3 Nf6 3. Bg2 g6 4. c4 c6 5. b3 Bg7 6. Bb2 O-O 7. O-O Bf5 8. d3 Re8 9. Nbd2 Nbd7 10. Nd4 Nc5 11. Nxf5 gxf5 12. b4 Ncd7 13. Nb3 e6 14. Rc1 Rc8 15. Qd2 Qe7 16. Rc2 Nb6 17. a3 Red8 18. Qc1 Ne8 19. Bxg7 Kxg7 20. Na5 h6 21. Qf4 Nf6 22. Rfc1 dxc4 23. dxc4 Rc7 24. Qe5 Rcd7 25. Bf3 Rd1+ 26. Rxd1 Rxd1+ 27. Kg2 Qd7 28. e3 Rb1 29. Qd4 Qc7 30. Rd2 Nc8 31. c5 e5 32. Qd3 Ra1 33. Qxf5 Ne7 34. Qd3 Ned5 35. e4 1-0

[Event "26th Hit Open-A 2022"]
[Site "Nova Gorica"]
[Date "2022.09.15"]
[Round "1.8"]
[White "Stevanic, David"]
[Black "Pavlovic, Milos"]
[Result "0-1"]
[ECO "C18"]
[WhiteElo "2261"]
[BlackElo "2468"]
[Annotator "ChessBase"]
[PlyCount "95"]
[EventDate "2022.09.16"]
[EventType "swiss"]
[EventCountry "SLO"]
[SourceTitle "playchess.com"]
[Source "ChessBase"]
[SourceQuality "1"]
[TimeControl "5400+30"]

1. e4 e6 2. d4 d5 3. Nc3 Bb4 4. e5 c5 5. a3 Bxc3+ 6. bxc3 Nc6 7. Qg4 g6 8. Nf3 Qa5 9. Bd2 Qa4 10. c4 Qxc2 11. dxc5 Qe4+ 12. Qxe4 dxe4 13. Ng5 f5 14. f3 h6 15. Nh3 Nd4 16. Rd1 Bd7 17. fxe4 Ba4 18. Rb1 O-O-O 19. exf5 gxf5 20. Nf4 Ne7 21. Bc3 Nec6 22. Be2 Nxe5 23. O-O Rhg8 24. Bh5 Bc6 25. Rbd1 Nef3+ 26. Kf2 Nxh2 27. Rxd4 Nxf1 28. Kxf1 Rg3 29. Rxd8+ Kxd8 30. Bf6+ Kd7 31. Kf2 Rxa3 32. Bf7 Ra2+ 33. Kg1 Be4 34. Bxe6+ Kc6 35. Bd4 a5 36. g4 fxg4 37. Bd5+ Bxd5 38. cxd5+ Kd7 39. d6 a4 40. Nd5 Rd2 41. Nb6+ Kc6 42. Be3 Rd1+ 43. Kf2 a3 44. Nc4 a2 45. Na5+ Kd7 46. Nb3 Rb1 47. c6+ Kxc6 48. Ke2 0-1

[Event "26th Hit Open-A 2022"]
[Site "Nova Gorica"]
[Date "2022.09.15"]
[Round "1.9"]
[White "Stefansson, Vignir Vatnar"]
[Black "Manish Anto Cristiano F"]
[Result "1-0"]
[ECO "D23"]
[WhiteElo "2452"]
[BlackElo "2249"]
[Annotator "ChessBase"]
[PlyCount "93"]
[EventDate "2022.09.16"]
[EventType "swiss"]
[EventCountry "SLO"]
[SourceTitle "playchess.com"]
[Source "ChessBase"]
[SourceQuality "1"]
[TimeControl "5400+30"]

1. Nf3 d5 2. d4 Nf6 3. c4 c6 4. Qb3 dxc4 5. Qxc4 Bf5 6. g3 e6 7. Bg2 Nbd7 8. O-O Be7 9. Qb3 Qb6 10. Nbd2 O-O 11. Nc4 Qa6 12. Bf4 Rfd8 13. Bc7 Re8 14. Nfd2 Bg6 15. Rac1 Rac8 16. Bd6 Nb6 17. Rfe1 Nxc4 18. Nxc4 Rcd8 19. Bxe7 Rxe7 20. e3 Be4 21. Bf1 b5 22. Nd2 Bd5 23. Qb4 Red7 24. a3 Ne4 25. Nxe4 Bxe4 26. Be2 Rd5 27. f3 Bg6 28. Rc5 Rxc5 29. Qxc5 Qb6 30. Qxb6 axb6 31. Rc1 e5 32. Rxc6 exd4 33. exd4 h5 34. Rxb6 Rxd4 35. Rxb5 Rd2 36. Kf1 Rc2 37. a4 Rc1+ 38. Kf2 Rh1 39. h4 Rh2+ 40. Ke3 Rh3 41. a5 Rh1 42. b4 Ra1 43. Rb8+ Kh7 44. a6 Ra3+ 45. Kd4 Ra2 46. Bc4 Ra3 47. b5 1-0

[Event "26th Hit Open-A 2022"]
[Site "Nova Gorica"]
[Date "2022.09.15"]
[Round "1.10"]
[White "Ronka, Erik"]
[Black "Kaasen, Tor Fredrik"]
[Result "0-1"]
[ECO "C88"]
[WhiteElo "2248"]
[BlackElo "2442"]
[Annotator "ChessBase"]
[PlyCount "112"]
[EventDate "2022.09.16"]
[EventType "swiss"]
[EventCountry "SLO"]
[SourceTitle "playchess.com"]
[Source "ChessBase"]
[SourceQuality "1"]
[TimeControl "5400+30"]

1. e4 e5 2. Nf3 Nc6 3. Bb5 a6 4. Ba4 Nf6 5. O-O Be7 6. Re1 b5 7. Bb3 O-O 8. a4 Bb7 9. d3 d6 10. Nbd2 Na5 11. Ba2 c5 12. Nf1 b4 13. c3 Rb8 14. cxb4 cxb4 15. Bd2 Nc6 16. Ne3 Qd7 17. Nf5 Bd8 18. Bg5 g6 19. Ng3 Re8 20. d4 Qe7 21. d5 Na5 22. Nd2 Bc8 23. Rc1 Kg7 24. h3 Bb6 25. Nc4 Nxc4 26. Bxc4 h6 27. Be3 Bxe3 28. Rxe3 Nd7 29. Nf1 Nc5 30. b3 Kh7 31. Be2 Rg8 32. Qe1 Qa7 33. Kh1 f5 34. exf5 gxf5 35. g3 Qg7 36. Bd3 e4 37. Bb1 Kh8 38. f4 a5 39. Nh2 Bb7 40. Qd1 Rbc8 41. g4 Nd7 42. Rxc8 Rxc8 43. gxf5 Qb2 44. Re1 e3 45. Be4 Nf6 46. Bf3 Rc2 47. Nf1 Nxd5 48. Qa1 Qxa1 49. Rxa1 e2 50. Nh2 Rd2 51. Re1 Nxf4 52. Kg1 Bxf3 53. Nxf3 Rd3 54. Kf2 Rxb3 55. Kg3 Nd3 56. Rxe2 Ne5 0-1

[Event "26th Hit Open-A 2022"]
[Site "Nova Gorica"]
[Date "2022.09.15"]
[Round "1.11"]
[White "Ghazarian, Kirk"]
[Black "Thuesen, Mogens"]
[Result "1-0"]
[ECO "D30"]
[WhiteElo "2440"]
[BlackElo "2242"]
[Annotator "ChessBase"]
[PlyCount "97"]
[EventDate "2022.09.16"]
[EventType "swiss"]
[EventCountry "SLO"]
[SourceTitle "playchess.com"]
[Source "ChessBase"]
[SourceQuality "1"]
[TimeControl "5400+30"]

1. d4 d5 2. Nf3 e6 3. c4 c6 4. e3 Nf6 5. b3 Nbd7 6. Bb2 Bb4+ 7. Nbd2 O-O 8. Bd3 Ne4 9. a3 Ba5 10. b4 Nxd2 11. Qxd2 Bc7 12. O-O Qe7 13. Qc2 h6 14. Rac1 dxc4 15. Qxc4 Bd6 16. Bb1 Rd8 17. Qc2 Nf8 18. e4 a5 19. e5 Bb8 20. Bc3 b6 21. Nd2 c5 22. dxc5 bxc5 23. b5 Bb7 24. Nc4 Qh4 25. f4 Ng6 26. Rcd1 Bc7 27. b6 Rxd1 28. Qxd1 Rd8 29. Qe1 Qxe1 30. Rxe1 Bb8 31. Nxa5 Bd5 32. g3 Ne7 33. Bc2 Nc8 34. Rb1 g5 35. Kf2 f6 36. Ke3 fxe5 37. Bxe5 Nd6 38. Bd3 c4 39. Bxd6 Bxd6 40. Nxc4 Bc5+ 41. Ke2 gxf4 42. gxf4 Rb8 43. Rb5 Bg1 44. a4 Bc6 45. Rb1 Bxh2 46. a5 Bxf4 47. a6 h5 48. b7 Bc7 49. a7 1-0

[Event "26th Hit Open-A 2022"]
[Site "Nova Gorica"]
[Date "2022.09.15"]
[Round "1.12"]
[White "Zamar Kodelja, Jurij"]
[Black "Wadsworth, Matthew J"]
[Result "0-1"]
[ECO "D15"]
[WhiteElo "2241"]
[BlackElo "2423"]
[Annotator "ChessBase"]
[PlyCount "58"]
[EventDate "2022.09.16"]
[EventType "swiss"]
[EventCountry "SLO"]
[SourceTitle "playchess.com"]
[Source "ChessBase"]
[SourceQuality "1"]
[TimeControl "5400+30"]

1. d4 d5 2. c4 c6 3. Nf3 Nf6 4. e3 Bf5 5. Nc3 a6 6. Qb3 Ra7 7. a4 e6 8. Be2 a5 9. Nh4 Be4 10. f3 dxc4 11. Bxc4 Bd5 12. Nxd5 cxd5 13. Bb5+ Nc6 14. g3 Bb4+ 15. Ke2 O-O 16. Ng2 Qd6 17. Rd1 e5 18. dxe5 Qxe5 19. Nf4 Rd8 20. Kf2 Raa8 21. Kg2 Rac8 22. Bd2 Bxd2 23. Rxd2 g5 24. Ne2 Re8 25. Rd3 g4 26. Rf1 Nb4 27. Bxe8 Rc2 28. Kg1 Rxe2 29. Qc3 Nxd3 0-1

[Event "26th Hit Open-A 2022"]
[Site "Nova Gorica"]
[Date "2022.09.15"]
[Round "1.13"]
[White "Davies, Nigel R"]
[Black "Chkhaidze, Nikoloz"]
[Result "1/2-1/2"]
[ECO "A38"]
[WhiteElo "2420"]
[BlackElo "2239"]
[Annotator "ChessBase"]
[PlyCount "84"]
[EventDate "2022.09.16"]
[EventType "swiss"]
[EventCountry "SLO"]
[SourceTitle "playchess.com"]
[Source "ChessBase"]
[SourceQuality "1"]
[TimeControl "5400+30"]

1. c4 Nf6 2. Nf3 g6 3. d4 Bg7 4. g3 O-O 5. Bg2 d6 6. O-O c5 7. b3 cxd4 8. Nxd4 Nc6 9. Bb2 Bd7 10. Nc3 Rb8 11. Nc2 a6 12. Nd5 Nxd5 13. Bxg7 Kxg7 14. cxd5 Ne5 15. Qd4 f6 16. Ne3 Qa5 17. f4 Nf7 18. Nc4 Qd8 19. Nb6 e5 20. dxe6 Bxe6 21. Rad1 Re8 22. e4 Re7 23. Rd2 a5 24. Re1 Qc7 25. f5 gxf5 26. exf5 Bc8 27. Rxe7 Qxe7 28. Qg4+ Kh8 29. Qe4 Ne5 30. Nc4 Bd7 31. Nxa5 b6 32. Nc4 Bc6 33. Qe2 Bxg2 34. Nxe5 dxe5 35. Kxg2 Rd8 36. a4 Qb7+ 37. Kh3 Rxd2 38. Qxd2 Kg7 39. b4 Qf3 40. Qd7+ Kh6 41. Qe6 Qh5+ 42. Kg2 Qe2+ 1/2-1/2

[Event "26th Hit Open-A 2022"]
[Site "Nova Gorica"]
[Date "2022.09.15"]
[Round "1.14"]
[White "Acimovic, Vasja"]
[Black "Royal, Shreyas"]
[Result "0-1"]
[ECO "E48"]
[WhiteElo "2237"]
[BlackElo "2412"]
[Annotator "ChessBase"]
[PlyCount "96"]
[EventDate "2022.09.16"]
[EventType "swiss"]
[EventCountry "SLO"]
[SourceTitle "playchess.com"]
[Source "ChessBase"]
[SourceQuality "1"]
[TimeControl "5400+30"]

1. d4 Nf6 2. c4 e6 3. Nc3 Bb4 4. e3 O-O 5. Nge2 Re8 6. a3 Bf8 7. Nf4 d5 8. cxd5 exd5 9. Bd3 Nc6 10. O-O Ne7 11. Qc2 g6 12. Bd2 c6 13. b4 Bh6 14. Nfe2 b6 15. Ng3 Bg7 16. Rfd1 h5 17. h3 h4 18. Nf1 Bf5 19. Rac1 Rc8 20. Nh2 b5 21. Nf3 Bxd3 22. Qxd3 Nf5 23. Ne5 Nd7 24. f4 Nb6 25. a4 a6 26. axb5 axb5 27. e4 dxe4 28. Nxe4 Nc4 29. Bc3 Qd5 30. Qf3 Ra8 31. Nd2 Qxf3 32. Ndxf3 Bh6 33. Nxc4 bxc4 34. Bd2 Re2 35. Rxc4 Ra2 36. Rxc6 Ng3 37. b5 Bxf4 38. b6 Be3+ 39. Kh2 Bxd2 40. Rxd2 Raxd2 41. Nxh4 g5 42. b7 Rb2 43. Rc8+ Kh7 44. Kxg3 Rxb7 45. Nf3 Rb3 46. Rd8 f5 47. Rd7+ Kg6 48. Rd6+ Kh5 0-1

[Event "26th Hit Open-A 2022"]
[Site "Nova Gorica"]
[Date "2022.09.15"]
[Round "1.15"]
[White "Holtel, Jasper"]
[Black "Garsky, Vladyslav"]
[Result "1-0"]
[ECO "E04"]
[WhiteElo "2406"]
[BlackElo "2229"]
[Annotator "ChessBase"]
[PlyCount "47"]
[EventDate "2022.09.16"]
[EventType "swiss"]
[EventCountry "SLO"]
[SourceTitle "playchess.com"]
[Source "ChessBase"]
[SourceQuality "1"]
[TimeControl "5400+30"]

1. Nf3 Nf6 2. g3 d5 3. Bg2 e6 4. O-O c5 5. d4 Nc6 6. c4 dxc4 7. Ne5 Nxe5 8. dxe5 Qxd1 9. Rxd1 Nd7 10. Na3 Rb8 11. Nxc4 b5 12. Na5 Be7 13. Nc6 Rb6 14. Nxa7 Bb7 15. Bxb7 Rxb7 16. Nc6 Bf8 17. a4 b4 18. a5 Rc7 19. a6 Rc8 20. a7 Nb6 21. Ra5 Rxc6 22. a8=Q+ Nxa8 23. Rxa8+ Ke7 24. Bg5+ 1-0

[Event "26th Hit Open-A 2022"]
[Site "Nova Gorica"]
[Date "2022.09.15"]
[Round "1.16"]
[White "Zubova, Mariya"]
[Black "Schreiner, Peter"]
[Result "1/2-1/2"]
[ECO "C79"]
[WhiteElo "2214"]
[BlackElo "2405"]
[Annotator "ChessBase"]
[PlyCount "104"]
[EventDate "2022.09.16"]
[EventType "swiss"]
[EventCountry "SLO"]
[SourceTitle "playchess.com"]
[Source "ChessBase"]
[SourceQuality "1"]
[TimeControl "5400+30"]

1. e4 e5 2. Nf3 Nc6 3. Bb5 a6 4. Ba4 d6 5. c3 Nf6 6. O-O Bd7 7. d4 g6 8. Re1 Bg7 9. Bxc6 Bxc6 10. dxe5 Nxe4 11. Qc2 d5 12. Nbd2 Nc5 13. Nd4 Ne6 14. Nxe6 fxe6 15. Nf3 O-O 16. Bg5 Qd7 17. Rad1 Rf5 18. Rd4 Raf8 19. Qd2 Qf7 20. Bh6 Bxh6 21. Qxh6 Bd7 22. Re2 c5 23. Rh4 Bb5 24. Rd2 Qg7 25. Qxg7+ Kxg7 26. a4 Bc6 27. a5 Rf4 28. Rxf4 Rxf4 29. b3 h6 30. Kf1 g5 31. h3 Kg6 32. Ke1 d4 33. cxd4 Bxf3 34. gxf3 Rxd4 35. Rc2 Rd5 36. Rc4 Kf5 37. Ke2 Kxe5 38. Ke3 Kf5 39. Ke2 Ke5 40. Ke3 Kd6 41. f4 gxf4+ 42. Rxf4 Re5+ 43. Kd3 Rf5 44. Rh4 h5 45. Ke3 c4 46. b4 c3 47. Rc4 Rb5 48. Kd3 c2 49. Kxc2 Rf5 50. f4 Rf8 51. h4 Rg8 52. Rc5 Rg4 1/2-1/2

[Event "26th Hit Open-A 2022"]
[Site "Nova Gorica"]
[Date "2022.09.15"]
[Round "1.17"]
[White "Fercec, Nenad"]
[Black "Bauer, Thomas"]
[Result "1/2-1/2"]
[ECO "B53"]
[WhiteElo "2403"]
[BlackElo "2200"]
[Annotator "ChessBase"]
[PlyCount "70"]
[EventDate "2022.09.16"]
[EventType "swiss"]
[EventCountry "SLO"]
[SourceTitle "playchess.com"]
[Source "ChessBase"]
[SourceQuality "1"]
[TimeControl "5400+30"]

1. e4 c5 2. Nf3 d6 3. d4 cxd4 4. Qxd4 h6 5. Be2 Nc6 6. Qe3 g6 7. O-O Bg7 8. c4 Nf6 9. Nc3 O-O 10. Rb1 Bg4 11. b3 Re8 12. Bb2 e6 13. Rfd1 Bxf3 14. Bxf3 d5 15. cxd5 exd5 16. Nxd5 Ne5 17. Be2 g5 18. Bb5 Re6 19. Nxf6+ Qxf6 20. Bd7 Rd6 21. Rxd6 Qxd6 22. Bf5 Rd8 23. h4 gxh4 24. Qxa7 Qd3 25. Rf1 Qe2 26. Bc3 Nc6 27. Qxb7 Rd1 28. Qc8+ Bf8 29. Rxd1 Qxd1+ 30. Kh2 Qd6+ 31. e5 Qc5 32. Be4 Qxc3 33. Bxc6 Qxe5+ 34. Kh3 h5 35. Bf3 Kg7 1/2-1/2

[Event "26th Hit Open-A 2022"]
[Site "Nova Gorica"]
[Date "2022.09.15"]
[Round "1.18"]
[White "Saypuri Srithan"]
[Black "Willow, Jonah B"]
[Result "0-1"]
[ECO "B42"]
[WhiteElo "2199"]
[BlackElo "2385"]
[Annotator "ChessBase"]
[PlyCount "74"]
[EventDate "2022.09.16"]
[EventType "swiss"]
[EventCountry "SLO"]
[SourceTitle "playchess.com"]
[Source "ChessBase"]
[SourceQuality "1"]
[TimeControl "5400+30"]

1. e4 c5 2. Nf3 e6 3. d4 cxd4 4. Nxd4 a6 5. Bd3 Nf6 6. Qe2 d6 7. O-O Be7 8. c4 O-O 9. Nc3 b6 10. f4 e5 11. Nf5 Bxf5 12. exf5 Nc6 13. Nd5 Re8 14. fxe5 dxe5 15. Nxf6+ Bxf6 16. Be4 Nd4 17. Qd3 Ra7 18. Be3 Rd7 19. Bd5 b5 20. Bxd4 exd4 21. b3 Re3 22. Qd2 Rde7 23. Rf3 Bg5 24. f6 Rxf3 25. fxe7 Qxe7 26. Qd1 Re3 27. g3 d3 28. Qg4 g6 29. Rf1 Bf6 30. Qf4 d2 31. Bf3 Bg5 32. Qg4 Re1 33. Bd1 h5 34. Qf3 h4 35. Kg2 Qe6 36. Qg4 h3+ 37. Kf2 Qe3# 0-1

[Event "26th Hit Open-A 2022"]
[Site "Nova Gorica"]
[Date "2022.09.15"]
[Round "1.19"]
[White "Nyysti, Sampsa"]
[Black "Gschiel, Alexander"]
[Result "0-1"]
[ECO "B12"]
[WhiteElo "2363"]
[BlackElo "2196"]
[Annotator "ChessBase"]
[PlyCount "114"]
[EventDate "2022.09.16"]
[EventType "swiss"]
[EventCountry "SLO"]
[SourceTitle "playchess.com"]
[Source "ChessBase"]
[SourceQuality "1"]
[TimeControl "5400+30"]

1. e4 c6 2. d4 d5 3. e5 Bf5 4. c4 e6 5. Nc3 dxc4 6. Bxc4 Nd7 7. Nf3 h6 8. O-O Ne7 9. Qe2 Nb6 10. Bb3 Bg6 11. Be3 Nf5 12. Rad1 Be7 13. h3 a5 14. a3 Qc7 15. Ne4 Nxe3 16. Qxe3 Rd8 17. Rfe1 O-O 18. Bc2 Rd5 19. Rc1 Rb5 20. Rb1 Nd5 21. Qc1 Rc8 22. Bd3 Rb6 23. Qd2 a4 24. Rbc1 Rd8 25. Rc2 Rc8 26. Rd1 Rb3 27. Nc5 Bxc5 28. Bxg6 Bxa3 29. Be4 Bb4 30. Qe2 Be7 31. Nd2 Rb4 32. Nc4 b5 33. Ne3 Nxe3 34. Qxe3 Qb6 35. Rcd2 Rb3 36. Qe2 Rd8 37. Bb1 g6 38. Ba2 Rb4 39. Qe3 Kg7 40. Qc3 Rc8 41. g3 a3 42. b3 c5 43. d5 exd5 44. Rxd5 Qe6 45. Kg2 Kh7 46. Qc1 c4 47. bxc4 Rb2 48. R5d2 Qxe5 49. Re1 Qf6 50. Rxb2 axb2 51. Qe3 Bc5 52. Qf3 Qxf3+ 53. Kxf3 bxc4 54. Bb1 c3 55. Re4 Bxf2 56. Re2 Be1 57. Re7 c2 0-1

[Event "26th Hit Open-A 2022"]
[Site "Nova Gorica"]
[Date "2022.09.15"]
[Round "1.20"]
[White "Marchesich, Giovanni"]
[Black "Thavandiran, Shiyam"]
[Result "1/2-1/2"]
[ECO "C11"]
[WhiteElo "2189"]
[BlackElo "2363"]
[Annotator "ChessBase"]
[PlyCount "35"]
[EventDate "2022.09.16"]
[EventType "swiss"]
[EventCountry "SLO"]
[SourceTitle "playchess.com"]
[Source "ChessBase"]
[SourceQuality "1"]
[TimeControl "5400+30"]

1. e4 e6 2. d4 d5 3. Nc3 Nf6 4. e5 Nfd7 5. f4 c5 6. Nf3 Nc6 7. Be3 a6 8. a3 cxd4 9. Nxd4 Bc5 10. Qd2 O-O 11. Be2 Nxd4 12. Bxd4 Bxd4 13. Qxd4 f6 14. exf6 Qxf6 15. Qxf6 Nxf6 16. Bd3 Bd7 17. O-O Rac8 18. Rae1 1/2-1/2